 Dungeon Crawl Stone Soup version 0.25.0-9-g26727b657a (webtiles) character file.

Game seed: 15290136689567765053

6713 raph the Transmogrifier (level 11, -3/81 HPs)
             Began as a Merfolk Transmuter on June 16, 2020.
             Was a Priest of Ashenzari.
             Slain by Grum
             ... wielding a +0 spear
              (16 damage)
             ... on level 9 of the Dungeon.
             The game lasted 00:28:14 (13593 turns).

raph the Transmogrifier (Merfolk Transmuter)       Turns: 13593, Time: 00:28:14

Health: -3/81      AC:  8    Str: 10    XL:     11   Next: 3%
Magic:  24/25      EV: 19    Int: 15    God:    Ashenzari [***...]
Gold:   467        SH:  0    Dex: 16    Spells: 5/17 levels left

rFire    . . .     SeeInvis +     - Unarmed
rCold    . . .     Gourm    .   (shield currently unavailable)
rNeg     . . .     Faith    .   g - +2 robe {Archmagi} (curse)
rPois    .         Spirit   .   A - +2 helmet (curse)
rElec    .         Reflect  .   y - +0 cloak (curse)
rCorr    .         Harm     .   (gloves currently unavailable)
MR       .....                  (no boots)
Stlth    ++++......             (no amulet)
HPRegen  0.23/turn              b - ring of magical power (curse)
MPRegen  0.19/turn              p - ring of wizardry (curse)

@: blade hands
A: change form in water, swift swim, stealthy swim
a: End Transformation, Curse Item, Scrying, Renounce Religion


You were on level 9 of the Dungeon.
You worshipped Ashenzari.
Ashenzari was most pleased with you.
You were not hungry.
You had blades for hands.
You visited 1 branch of the dungeon, and saw 9 of its levels.

You collected 565 gold pieces.
You spent 98 gold pieces at shops.

Inventory:

Hand Weapons
 l - a +0 trident (melded)
Missiles
 a - 244 arrows
 c - 274 stones (quivered)
 k - 38 poisoned darts
Armour
 g - a cursed +2 robe of the Archmagi (worn)
 y - a cursed +0 cloak (worn)
 A - a cursed +2 helmet (worn)
Jewellery
 b - a cursed ring of magical power (left scythe-like blade)
 p - a cursed ring of wizardry (right scythe-like blade)
 q - an uncursed ring of flight
 E - an uncursed ring of protection from cold
Wands
 n - a wand of flame (12)
 o - a wand of random effects (15)
 u - a wand of paralysis (7)
Scrolls
 i - 4 scrolls of enchant weapon
 t - a scroll of teleportation
 z - a scroll of amnesia
 D - 2 scrolls of remove curse
Potions
 e - 4 potions of curing
 f - 2 potions of berserk rage
 h - 2 potions of might
 j - 2 potions of flight
 m - 2 potions of lignification
 r - a potion of stabbing
 s - a potion of degeneration
 v - 3 potions of heal wounds
 w - 2 potions of cancellation
 x - a potion of brilliance
 B - a potion of invisibility
 F - a potion of mutation {unknown}
Comestibles
 d - 18 rations
 C - 2 chunks of flesh


   Skills:
 + Level 6.1 Fighting
 + Level 8.0(9.9) Dodging
 + Level 5.8(7.7) Stealth
 * Level 8.9 Unarmed Combat
 - Level 3.8 Spellcasting
 + Level 3.2(4.9) Conjurations
 + Level 12.6(14.2) Transmutations


You had 5 spell levels left.
You knew the following spells:

 Your Spells              Type           Power        Failure   Level  Hunger
a - Beastly Appendage     Tmut           ######       2%          1    None
b - Sticks to Snakes      Tmut           ######..     2%          2    ##.....
c - Blade Hands           Tmut           ######....   8%          5    ######.
d - Magic Dart            Conj           ####         10%         1    None
e - Dazzling Flash        Conj/Hex       ###...       30%         3    ###....

Your spell library contained the following spells:

 Spells                   Type           Power        Failure   Level  Hunger
 Spider Form              Tmut/Pois      #####.....   10%         3    ###....
 Searing Ray              Conj           ####..       12%         2    ##.....
 Ice Form                 Ice/Tmut       #####...     21%         4    ####...
 Fulminant Prism          Conj/Hex       ###.......   58%         4    ####...
 Iskenderun's Mystic Bla  Conj/Tloc      ###.....     58%         4    ####...


Dungeon Overview and Level Annotations

Branches:
Dungeon (9/15)             Temple (0/1) D:5            Lair (0/6) D:9
    Orc (0/2) D:9

Altars:
Ashenzari
Elyvilon
Kikubaaqudgha
Okawaru
Qazlal
Ru
Sif Muna
Vehumet
Xom
Zin
Beogh

Shops:
D:6 =   D:9 ?

Annotations:
D:9 Grum


Message History

The wolf is moderately wounded.
The wolf bites you!
* * * LOW HITPOINT WARNING * * *
The wolf barely misses you. The wolf misses you.
The warg howls!
You slash the wolf!
You kill the wolf!
Your base Dodging skill increases to level 8!
Grum hits you but does no damage. Grum hits you with a +0 spear.
* * * LOW HITPOINT WARNING * * *
You see here a wolf corpse.
You slice Grum!!
Grum is heavily wounded.
Grum closely misses you.
You hit Grum but do no damage.
Grum is heavily wounded.
Grum hits you with a +0 spear!
You die...

#..........#
,
#..........#*
, *,
#...{hg.....
*
#.....{.....,
,,, ,
#.##o####{*
*, #.......#,
,,, *
######h#### *
* #hZg.#
####@###
#...#
########'##
****
#.........#
**
#.........# ,
#.........#
*,
#..)......# ,
,
#...(.....##,
*,
#........_'.,


You could see Grum, a warg, a wolf, an orc and a hound zombie.

Vanquished Creatures
  A two-headed ogre (D:8)
  Pikel (D:4)
  A troll (D:9)
  A hippogriff (D:7)
  4 hogs (D:8)
  A human (D:8)
  A yak (D:9)
  A hungry ghost (D:9)
  Menkaure (D:4)
  3 porcupines (D:9)
  3 orc warriors (D:9)
  2 black bears (D:9)
  A phantom (D:6)
  A sky beast (D:6)
  2 ogres
  5 centaurs
  3 wolves (D:9)
  2 crocodiles
  A big kobold (D:8)
  7 bullfrogs
  3 scorpions
  3 wights (D:6)
  3 killer bees (D:8)
  3 crimson imps
  4 hounds
  Crazy Yiuf (D:2)
  3 orc priests
  A gnoll shaman (D:4)
  A bullfrog skeleton (D:8)
  Jessica (D:2)
  An iguana (D:4)
  15 orc wizards
  3 worker ants (D:5)
  A killer bee zombie (D:5)
  2 hound zombies
  A howler monkey zombie (D:8)
  Robin (D:2)
  9 gnolls
  13 adders
  A howler monkey skeleton (D:7)
  A shadow imp (D:8)
  2 adder skeletons (D:4)
  3 worms
  3 leopard geckos
  39 orcs
  A ball python (D:5)
  5 bats (D:1)
  4 giant cockroaches
  13 goblins
  7 hobgoblins
  17 jackals
  A quokka (D:4)
  3 frilled lizards
  8 kobolds
  8 rats
  A plant (D:9)
228 creatures vanquished.

Vanquished Creatures (collateral kills)
  3 goblins (D:2)
3 creatures vanquished.

Vanquished Creatures (others)
  A slave (D:4)
  An adder skeleton (D:4)
  An orc (D:9)
  3 fungi (D:9)
  A plant (D:9)
7 creatures vanquished.

Grand Total: 238 creatures vanquished

Notes
Turn   | Place    | Note
-------+----------+-------------------------------------------
     0 | D:1      | raph the Merfolk Transmuter began the quest for the Orb.
     0 | D:1      | Reached XP level 1. HP: 15/15 MP: 3/3
   257 | D:1      | Reached skill level 3 in Transmutations
   262 | D:1      | Reached XP level 2. HP: 4/21 MP: 3/5
   505 | D:1      | Learned a level 2 spell: Sticks to Snakes
   939 | D:1      | Reached XP level 3. HP: 17/27 MP: 4/6
  1108 | D:1      | Learned a level 3 spell: Spider Form
  1606 | D:2      | Found a shattered altar of Ashenzari.
  1664 | D:2      | Became a worshipper of Ashenzari the Shackled
  1749 | D:2      | Reached skill level 4 in Transmutations
  1749 | D:2      | Reached XP level 4. HP: 32/33 MP: 5/7
  1782 | D:2      | Noticed Jessica
  1789 | D:2      | Killed Jessica
  2057 | D:2      | Noticed Robin
  2279 | D:3      | Reached skill level 5 in Transmutations
  2279 | D:3      | Reached XP level 5. HP: 28/38 MP: 8/8
  2484 | D:3      | Found a stormy altar of Qazlal.
  2485 | D:3      | Noticed an air elemental
  2485 | D:3      | Noticed a water elemental
  2485 | D:3      | Noticed a fire elemental
  2986 | D:3      | Found a glowing silver altar of Zin.
  3347 | D:3      | Found a white marble altar of Elyvilon.
  3532 | D:4      | Noticed a slave
  3534 | D:4      | Noticed a slave
  3534 | D:4      | Noticed Pikel
  3678 | D:4      | Noticed a slave
  3987 | D:4      | Noticed Menkaure
  4007 | D:4      | HP: 1/38 [Menkaure/nerve-wracking pain (4)]
  4008 | D:5      | Entered Level 5 of the Dungeon
  4317 | D:5      | Noticed a centaur
  4331 | D:5      | Killed a centaur
  4331 | D:5      | Reached skill level 6 in Transmutations
  4331 | D:5      | Reached XP level 6. HP: 5/44 MP: 9/9
  4740 | D:5      | Reached * piety under Ashenzari
  4821 | D:5      | Reached skill level 7 in Transmutations
  5972 | D:5      | Learned a level 5 spell: Blade Hands
  5990 | D:5      | Reached skill level 8 in Transmutations
  5990 | D:5      | Reached XP level 7. HP: 33/49 MP: 10/10
  6339 | D:5      | Found an ancient bone altar of Kikubaaqudgha.
  6344 | D:5      | Found a shimmering blue altar of Sif Muna.
  6366 | D:5      | Found a radiant altar of Vehumet.
  6369 | D:5      | Identified Vehumet's Disquisition on Attacks
  6373 | D:5      | Learned a level 1 spell: Magic Dart
  6558 | D:5      | HP: 1/49 [centaur (8)]
  6560 | D:5      | Reached skill level 9 in Transmutations
  6962 | D:5      | Found a staircase to the Ecumenical Temple.
  7268 | D:6      | Reached skill level 5 in Unarmed Combat
  7298 | D:6      | Found Zelei's Jewellery Emporium.
  7465 | D:6      | Reached XP level 8. HP: 16/57 MP: 12/12
  7727 | D:6      | Found an iron altar of Okawaru.
  8049 | D:6      | Reached skill level 10 in Transmutations
  8253 | D:6      | Reached skill level 1 in Stealth
  8610 | D:4      | Killed Menkaure
  8757 | D:4      | Reached skill level 5 in Dodging
  9041 | D:4      | Killed Pikel
  9041 | D:4      | Reached skill level 11 in Transmutations
  9041 | D:4      | Reached XP level 9. HP: 39/65 MP: 14/14
  9550 | D:4      | Reached ** piety under Ashenzari
  9691 | D:2      | Killed Robin
  9891 | D:2      | Found a runed translucent door.
  9892 | D:2      | Noticed Crazy Yiuf
  9897 | D:2      | Killed Crazy Yiuf
 10669 | D:7      | Reached skill level 1 in Conjurations
 10925 | D:7      | Learned a level 3 spell: Dazzling Flash
 11076 | D:7      | Found a glowing silver altar of Zin.
 11412 | D:7      | Found a shimmering altar of Xom.
 11412 | D:7      | Found a sacrificial altar of Ru.
 12006 | D:8      | Reached XP level 10. HP: 71/73 MP: 15/15
 12016 | D:8      | Reached skill level 12 in Transmutations
 12041 | D:8      | Noticed a two-headed ogre
 12052 | D:8      | Killed a two-headed ogre
 12052 | D:8      | Reached skill level 5 in Fighting
 12488 | D:8      | Reached skill level 5 in Stealth
 12729 | D:8      | Found a shattered altar of Ashenzari.
 12756 | D:8      | Reached *** piety under Ashenzari
 12938 | D:9      | Found a staircase to the Lair.
 13040 | D:9      | Found Xodolar's Magic Scroll Shoppe.
 13053 | D:9      | Bought a scroll of identify for 28 gold pieces
 13053 | D:9      | Bought a scroll of remove curse for 42 gold pieces
 13075 | D:9      | Bought a scroll of identify for 28 gold pieces
 13333 | D:9      | Reached XP level 11. HP: 38/81 MP: 16/16
 13337 | D:9      | Found a roughly hewn altar of Beogh.
 13573 | D:9      | Noticed Grum
 13593 | D:9      | Slain by Grum

Illustrated notes

Levels and vault maps discovered:
D:1:      eino_arrival_cavern_d, layout_basic
D:2:      layout_basic, old_standard_altar, uniq_jessica,
          uniq_crazy_yiuf_cottage, uniq_robin
D:3:      layout_loops_ring, zin_scriptorium, elyvilon_altar_5,
          nicolae_qazlal_style_of_elements
D:4:      layout_cave_pools, first_ration, serial_bayou_ford_a, uniq_pikel,
          uniq_menkaure
D:5:      layout_basic, grunt_temple_overflow_magic_moments,
          minmay_temple_entry_enclosed_plants
D:6:      minmay_flawed_box, layout_basic, lemuel_coloured_pillars_altar,
          serial_shops, nicolae_shop_crystal
D:7:      layout_loops_corners, gammafunk_temple_overflow_elements, basic_altar
D:8:      layout_basic, basic_altar, grunt_livestock
D:9:      layout_roguey [special_room_orc], due_lair_maze_entry_diamond,
          erik_orc_4, serial_shops, shop, basic_altar, uniq_erolcha, uniq_grum,
          uniq_joseph

Skill      XL: |  1  2  3  4  5  6  7  8  9 10 11 |
---------------+----------------------------------+-----
Transmutations | 3 4 5 6 8 9 11 12 | 12.6
Dodging        | 3 5 6 7 8 |  8.0
Unarmed Combat | 4 5 6 7 8 |  8.9
Fighting       | 2 4 6 |  6.1
Spellcasting   | 3 |  3.8
Stealth        | 2 4 5 |  5.8
Conjurations   | 1 3 |  3.2

Action                   |  1- 3 |  4- 6 |  7- 9 | 10-12 || total
-------------------------+-------+-------+-------+-------++-------
Melee: Unarmed           |   123 |   241 |   259 |   153 ||   776
       Headbutt          |    10 |    29 |    10 |       ||    49
       Punch             |     3 |     1 |     1 |     4 ||     9
       Trident           |       |       |       |     3 ||     3
 Cast: Beastly Appendage |    22 |    24 |     5 |       ||    51
       Sticks to Snakes  |       |     2 |     2 |       ||     4
       Blade Hands       |       |       |    37 |    13 ||    50
       Dazzling Flash    |       |       |       |     1 ||     1
Invok: Curse Item        |     1 |     2 |     3 |       ||     6
  Use: Scroll            |     2 |     6 |     6 |     6 ||    20
       Potion            |       |     1 |     2 |     1 ||     4
 Stab: Sleeping          |       |       |     4 |     4 ||     8
       Distracted        |       |       |     1 |       ||     1
  Eat: Chunk             |     3 |    11 |    21 |    11 ||    46
       Ration            |       |     1 |     3 |       ||     4
Armor: Robe              |    31 |    53 |    38 |    23 ||   145
Dodge: Dodged            |   104 |   155 |   160 |   128 ||   547
